 Dungeon Crawl Stone Soup version 0.20-a0-1025-g4706f7e (webtiles) character file.

8896 Ichigo the Cardsharp (level 11, -8/90 (92) HPs)
             Began as a Ghoul Monk on Apr 19, 2017.
             Was a High Priest of Nemelex Xobeh.
             Killed from afar by a rime drake (13 damage)
             ... with a flash freeze
             ... on level 1 of the Lair of Beasts.
             The game lasted 00:25:30 (16396 turns).

Ichigo the Cardsharp (Ghoul Monk)                  Turns: 16396, Time: 00:25:31

HP:   -8/90 (92)    AC:  9    Str: 19    XL:     11   Next: 38%
MP:   19/19         EV:  9    Int:  5    God:    Nemelex Xobeh [*****.]
Gold: 137           SH:  0    Dex: 11    Spells: 10/10 levels left

rFire    . . .     SeeInvis .     - Unarmed
rCold    + + .     Gourm    .   (no shield)
rNeg     + + +     Faith    .   d - +0 chain mail
rPois    ∞         Spirit   .   (no helmet)
rElec    .         Reflect  .   (no cloak)
rCorr    +         Harm     .   (no gloves)
MR       .....                  (no boots)
Stlth    ..........             (no amulet)
Regen    0.0/turn               e - ring of resist corrosion
MPRegen  0.2/turn               u - ring of protection from cold

@: rotting
A: rotting body, claws 1, carnivore 3, cold resistance 1, negative energy
resistance 3, inhibited regeneration, torment resistance, unbreathing
a: Triple Draw, Deal Four, Stack Five, Renounce Religion


You were on level 1 of the Lair of Beasts.
You worshipped Nemelex Xobeh.
Nemelex Xobeh was extremely pleased with you.
You were not hungry.

You visited 2 branches of the dungeon, and saw 10 of its levels.

You collected 551 gold pieces.
You spent 414 gold pieces at shops.

Inventory:

Armour
 d - a +0 chain mail (worn)
 i - a +2 pair of gloves
 L - a +1 chain mail of cold resistance
Jewellery
 e - a ring of resist corrosion (left claw)
 o - an uncursed ring of stealth
 u - a ring of protection from cold (right claw)
Wands
 w - a wand of acid (6/15)
 x - a wand of iceblast (9/15)
 D - a wand of polymorph (14/24)
 K - a wand of iceblast (5/15)
Scrolls
 c - 2 scrolls of enchant armour
 f - 5 scrolls of identify
 j - a scroll of remove curse
 r - a scroll of enchant weapon {unknown}
 v - 3 scrolls of teleportation
 y - 2 scrolls of blinking
 B - 5 scrolls of magic mapping {unknown}
 E - a scroll of fog
 G - 2 scrolls of fear {unknown}
 H - a scroll of recharging {unknown}
Potions
 g - 5 potions of brilliance {unknown}
 h - 2 potions of heal wounds
 k - 3 potions of magic
 m - 3 potions of flight {unknown}
 n - 2 potions of agility
 t - 2 potions of curing
 z - 2 potions of might
 O - a potion of resistance {unknown}
Miscellaneous
 a - an ornate deck of escape
 q - a plain deck of escape {drawn: 6}
 s - a plain deck of summoning {drawn: 5}
 A - an ornate deck of destruction
 F - an ornate deck of destruction
 I - a plain deck of summoning
 M - an ornate deck of escape
Comestibles
 b - 4 meat rations
 l - 9 bread rations
 C - 9 fruits
 J - 10 royal jellies


   Skills:
 + Level 7.3 Fighting
 + Level 4.9 Armour
 - Level 3.6 Dodging
 - Level 4.3 Stealth
 + Level 11.3 Unarmed Combat
 + Level 12.2 Invocations


You had 10 spell levels left.
You didn't know any spells.

Dungeon Overview and Level Annotations

Branches:
Dungeon (9/15)             Temple (0/1) D:5            Lair (1/6) D:8
    Orc: D:9-12

Altars:
Fedhas
Gozag
Kikubaaqudgha
Nemelex Xobeh
Okawaru
Sif Muna
Trog
Yredelemnul

Shops:
D:4 !   D:6 *[(!}   D:7 [   D:8 !

Annotations:
D:4 exclusions: door and 3 more exclusions


Innate Abilities, Weirdness & Mutations

Your body is rotting away.
You thrive on raw meat.
You are immune to poison.
You have sharp fingernails.
You are carnivorous and can eat meat at any time.
Your flesh is cold resistant. (rC+)
You are immune to negative energy. (rN+++)
You do not regenerate when monsters are visible.
You are immune to unholy pain and torment.
You can survive without breathing.


Message History

Evoke which item? (* to show all) (? for menu, Esc to quit)
You draw a card...
It is Pain.
You have drawn Pain.
Press: ? - help, Shift-Dir - straight line, f - spiny frog
Aim: a spiny frog (heavily wounded)
The spiny frog convulses!
The spiny frog stings you!
* * * LOW HITPOINT WARNING * * *
Evoke which item? (* to show all) (? for menu, Esc to quit)
You draw a card...
It is Degeneration.
The spiny frog evaporates and reforms as a rime drake!
The rime drake twists and deforms.
Evoke which item? (* to show all) (? for menu, Esc to quit)
You draw a card...
It is Wild Magic.
The deck of cards glows slightly and disappears.
The rime drake looks as sick as possible!
The rime drake looks incredibly sick.
You feel a surge of magic. The rime drake breathes ice at you.
The flash freeze hits you! You partially resist.
You die...
Your body glows with a rainbow of weird colours and disappears.

...#####..# #..##.....#
.#.##.##..# ##.#P.#.#.#
.......#..# #.##...#.#
.#........## ##.##...#.#
.###..##...###...#.....##
.....##...#.###.##.####.###
.###.....###.##.##.## ###P##
......#..# ##...#...####...##
.###...#.###.....@k..##.....#
..###.###.#..##..>..........#
.......###.#####......#.....#
.###..#...## #.....##.....##
.# #####..# #..########.## .#
#.## #.## #.# .# #.## #. #.#
.# ##..# #. #.## .## #..##
### ####..#


You could see a rime drake.

Vanquished Creatures
  A two-headed ogre (D:9)
  Joseph (Lair:1)
  Prince Ribbit (D:7)
  A hippogriff (D:9)
  3 blink frogs (Lair:1)
  3 yaks (D:8)
  Edmund (D:5)
  3 water moccasins (Lair:1)
  2 soldier ants (D:9)
  Duvessa (D:4)
  7 porcupines
  A black bear (Lair:1)
  3 ice beasts
  The ghost of NictusVictus the Skirmisher, an amateur HOAK of Lugonu (D:3)
  3 sky beasts
  An ogre (D:7)
  3 orc warriors (D:9)
  An eye of draining (D:9)
  A wolf (Lair:1)
  7 crocodiles
  6 bullfrogs
  Dowan (D:4)
  A wyvern skeleton (D:8)
  3 scorpions
  4 killer bees (D:9)
  2 wights (D:8)
  2 vampire bats (D:7)
  2 crimson imps
  3 hounds
  5 orc priests
  3 jellies
  7 orc wizards
  2 bullfrog skeletons
  2 iguanas
  6 worker ants
  A killer bee zombie (D:9)
  A hound skeleton (D:7)
  A howler monkey skeleton (D:6)
  3 river rats (D:6)
  12 adders
  3 gnolls (D:7)
  2 shadow imps
  A white imp (D:4)
  3 oozes
  An adder skeleton (D:9)
  An adder zombie (D:6)
  A worm (D:2)
  2 dart slugs (D:1)
  5 leopard geckos
  35 orcs
  5 bats
  2 bat skeletons (D:7)
  3 bat zombies (D:7)
  9 giant cockroaches
  7 goblins
  7 hobgoblins
  13 jackals
  7 quokkas
  6 ball pythons
  8 frilled lizards
  11 kobolds
  2 quokka skeletons
  13 rats
  A spectral orc (D:5)
260 creatures vanquished.

Vanquished Creatures (collateral kills)
  Pikel (D:6)
  A hippogriff (D:9)
  A yak (D:8)
  Grum (Lair:1)
  An orc warrior (D:6)
  5 wolves (Lair:1)
  An ogre (D:6)
  2 centaurs (D:9)
  A wyvern zombie (D:9)
  3 killer bees (D:9)
  3 wights (D:8)
  An orc priest (D:6)
  2 orc wizards
  An adder skeleton (D:9)
  10 orcs
34 creatures vanquished.

Vanquished Creatures (others)
  A slave (D:6)
  A bullfrog (D:6)
  4 fungi
  12 plants
18 creatures vanquished.

Grand Total: 312 creatures vanquished

Notes
Turn   | Place    | Note
-------+----------+-------------------------------------------
     0 | D:1      | Ichigo the Ghoul Monk began the quest for the Orb.
     0 | D:1      | Reached XP level 1. HP: 22/22 MP: 0/0
    41 | D:1      | Reached skill level 1 in Unarmed Combat
    85 | D:1      | Reached XP level 2. HP: 26/28 MP: 1/1
   503 | D:1      | Reached XP level 3. HP: 31/34 MP: 2/2
   973 | D:2      | Reached XP level 4. HP: 41/41 MP: 3/3
  2240 | D:3      | Reached XP level 5. HP: 43/47 MP: 4/4
  2295 | D:3      | Reached skill level 5 in Unarmed Combat
  2451 | D:3      | Found a sparkling altar of Nemelex Xobeh.
  2546 | D:3      | Became a worshipper of Nemelex Xobeh the Trickster
  2546 | D:3      | Received a gift from Nemelex Xobeh
  2546 | D:3      | Reached * piety under Nemelex Xobeh
  2546 | D:3      | Received a gift from Nemelex Xobeh
  2546 | D:3      | Reached ** piety under Nemelex Xobeh
  2585 | D:3      | Noticed NictusVictus's ghost (amateur HOAK)
  2634 | D:3      | Killed NictusVictus's ghost
  2634 | D:3      | Reached skill level 2 in Invocations
  2634 | D:3      | Reached XP level 6. HP: 17/53 MP: 4/6
  2872 | D:3      | Reached skill level 3 in Invocations
  3290 | D:3      | Reached XP level 7. HP: 46/60 MP: 8/8
  3720 | D:4      | Reached skill level 4 in Invocations
  3819 | D:4      | Found Mechow's Distillery.
  3842 | D:4      | Bought a potion of curing for 42 gold pieces
  3842 | D:4      | Bought a potion of magic for 112 gold pieces
  3863 | D:4      | Found an iron altar of Okawaru.
  4219 | D:4      | Found a deep blue altar of Sif Muna.
  4225 | D:4      | Received a gift from Nemelex Xobeh
  4282 | D:4      | Noticed Duvessa
  4292 | D:4      | Killed Duvessa
  4293 | D:4      | Noticed Dowan
  4320 | D:4      | Killed Dowan
  4395 | D:4      | Reached skill level 5 in Invocations
  4817 | D:5      | Entered Level 5 of the Dungeon
  4881 | D:5      | Found a staircase to the Ecumenical Temple.
  4940 | D:5      | Noticed Edmund
  4965 | D:5      | Killed Edmund
  4965 | D:5      | Reached skill level 6 in Invocations
  4965 | D:5      | Reached XP level 8. HP: 50/65 MP: 11/11
  5089 | D:5      | Found a basalt altar of Yredelemnul.
  5148 | D:5      | Received a gift from Nemelex Xobeh
  5287 | D:5      | Reached *** piety under Nemelex Xobeh
  5624 | D:6      | Noticed a wyvern
  5961 | D:6      | Found Zumom's Antique Weapon Emporium.
  5980 | D:6      | Found Ynuihin's Distillery.
  5988 | D:6      | Bought a potion of might for 40 gold pieces
  5988 | D:6      | Bought a potion of agility for 40 gold pieces
  6095 | D:6      | Found Teoges's Gadget Shoppe.
  6137 | D:6      | Received a gift from Nemelex Xobeh
  6190 | D:6      | Reached skill level 7 in Invocations
  6541 | D:6      | Found Epainat's General Store.
  6600 | D:6      | Noticed Pikel
  6612 | D:6      | Killed Pikel
  6612 | D:6      | Reached skill level 8 in Invocations
  7008 | D:6      | Reached XP level 9. HP: 62/71 MP: 14/14
  7037 | D:6      | Found Wouroym's Antique Armour Shop.
  7128 | D:7      | Reached **** piety under Nemelex Xobeh
  7152 | D:7      | Received a gift from Nemelex Xobeh
  7924 | D:7      | Reached skill level 9 in Invocations
  7992 | D:7      | Noticed Prince Ribbit
  8003 | D:7      | Killed Prince Ribbit
  8019 | D:7      | Found an ancient bone altar of Kikubaaqudgha.
  8674 | D:7      | Found a bloodstained altar of Trog.
  8722 | D:7      | Found a blossoming altar of Fedhas.
  8722 | D:7      | Found an opulent altar of Gozag.
  8899 | D:7      | Found Niuwuukh's Armour Boutique.
  9139 | D:6      | Bought a crude ring mail for 180 gold pieces
  9149 | D:6      | Identified the cursed +1 ring mail of Valiance {rC- Int+5} (You bought it in a shop on level 6 of the Dungeon)
  9238 | D:8      | Reached skill level 10 in Invocations
 10092 | D:8      | Received a gift from Nemelex Xobeh
 10101 | D:8      | Reached XP level 10. HP: 69/74 MP: 17/17
 10108 | D:8      | Reached skill level 11 in Invocations
 10161 | D:8      | Reached skill level 1 in Armour
 10161 | D:8      | Reached skill level 10 in Unarmed Combat
 10169 | D:8      | Reached skill level 5 in Fighting
 10611 | D:8      | Found a staircase to the Lair.
 10663 | D:8      | Received a gift from Nemelex Xobeh
 11061 | D:8      | Found Hanaymm's Distillery.
 11643 | D:9      | Noticed a two-headed ogre
 11649 | D:9      | Killed a two-headed ogre
 12255 | D:9      | Received a gift from Nemelex Xobeh
 12305 | D:9      | Reached ***** piety under Nemelex Xobeh
 13683 | D:9      | Reached XP level 11. HP: 21/91 MP: 8/18
 14516 | Lair:1   | Entered Level 1 of the Lair of Beasts
 14538 | Lair:1   | Reached skill level 12 in Invocations
 14786 | Lair:1   | Received a gift from Nemelex Xobeh
 15059 | Lair:1   | Noticed Joseph
 15080 | Lair:1   | Killed Joseph
 15866 | Lair:1   | Noticed Grum
 15905 | Lair:1   | Killed Grum
 16396 | Lair:1   | Killed from afar by a rime drake

Vault maps used:
D:1:      dpeg_arrival_ratfight, kennysheep_nondescript
D:2:      st_stairs_12, hex_intersection
D:3:      lemuel_crystal_altar, grunt_ministairs_11
D:4:      okawaru_trees_2, led_sif_book, serial_shops, shop, first_bread,
          minmay_fire_ice_demons, uniq_duvessa
D:5:      yredelemnul_forgotten_temple_becter,
          minmay_temple_entry_statues_fountains, uniq_edmund
D:6:      portal_sewer_entry_e, serial_shops, shop, shop, kennysheep_mini_moat,
          shop, shop, uniq_pikel
D:7:      lightli_temple_of_fire, kennysheep_vampire_church,
          gammafunk_temple_overflow_statue, serial_shops, shop,
          uniq_prince_ribbit1
D:8:      minmay_lair_entry_grove, serial_shops, shop
D:9:      hangedman_pestilent_swarm
Lair:1:   nicolae_quartered_pool_medium, uniq_joseph, uniq_erica, uniq_grum

Skill      XL: |  1  2  3  4  5  6  7  8  9 10 11 |
---------------+----------------------------------+-----
Unarmed Combat | 1 2 3 4 6 7 8 9 10 11 | 11.3
Invocations    | 2 3 6 8 10 11 12 | 12.2
Armour         | 4 |  4.9
Fighting       | 6 7 |  7.3
Dodging        | |  3.6
Stealth        | |  4.3

Action                   |  1- 3 |  4- 6 |  7- 9 | 10-12 || total
-------------------------+-------+-------+-------+-------++-------
Melee: Unarmed           |   120 |   237 |   341 |   364 ||  1062
       Punch             |     1 |     3 |    13 |    11 ||    28
Evoke: Deck              |       |     6 |    10 |    15 ||    31
  Use: Potion            |       |     2 |       |       ||     2
       Scroll            |       |       |     7 |       ||     7
 Stab: Sleeping          |     2 |       |       |       ||     2
       Distracted        |       |       |       |     1 ||     1
  Eat: Chunk             |     2 |     8 |    28 |    25 ||    63
Armor: Robe              |     2 |       |       |       ||     2
       Chain mail        |    59 |   151 |   143 |   144 ||   497
Dodge: Dodged            |    53 |   101 |   142 |   142 ||   438
